 Dungeon Crawl Stone Soup version 0.31-a0-175-g9f7f995f2b (webtiles) character file.

Game seed: 13302821448384520485

65 qw the Shooter (level 4, 0/28 HPs)
             Began as a Gargoyle Hunter on June 16, 2023.
             Slain by Sigmund
             ... wielding a +0 scythe
              (3 damage)
             ... on level 2 of the Dungeon.
             The game lasted 00:00:34 (1361 turns).

qw the Shooter (Gargoyle Hunter)                    Turns: 1361, Time: 00:00:35

Health: 0/28       AC:  8    Str: 14    XL:     4   Next: 13%
Magic:  4/4        EV: 10    Int: 10    God:
Gold:   79         SH:  0    Dex: 15    Spells: 3/3 levels left

rFire   . . .        Y - +0 shortbow
rCold   . . .        (shield currently unavailable)
rNeg    + . .        d - +0 ring mail
rPois   inf          (no helmet)
rElec   +            (no cloak)
rCorr   .            (no gloves)
SInv    .            (no boots)
Will    .....        (no amulet) Stlth
                     (no ring)
HPRegen 0.24/turn    (no ring)
MPRegen 0.09/turn

%: no passive effects
@: confused
A: sickness immunity, AC +3, negative energy resistance 1, electricity
resistance, torment resistance 1, petrification resistance
a: no special abilities


You were on level 2 of the Dungeon.
You visited 1 branch of the dungeon, and saw 2 of its levels.

You collected 79 gold pieces.


Innate Abilities, Weirdness & Mutations

You are immune to sickness and miasma.
Your stone body is resilient. (AC +3)
You are immune to poison.
You resist negative energy. (rN+)
You are resistant to electric shocks. (rElec)
You are resistant to unholy torment.
You are immune to petrification.


   Skills:
 - Level 3.1 Fighting
 + Level 5.0 Ranged Weapons
 - Level 1.1 Armour
 - Level 1.5 Dodging
 - Level 1.1 Stealth


You had 3 spell levels left.
You didn't know any spells.
Your spell library was empty.

Inventory:

Hand Weapons
 Y - a +0 shortbow (weapon)
Armour
 d - a +0 ring mail (worn)
Scrolls
 b - 2 scrolls of identify {unknown}
 e - a scroll of acquirement {unknown}
Potions
 a - a potion of invisibility {unknown}
 c - a potion of lignification {unknown}
 f - a potion of brilliance {unknown}

Dungeon Overview and Level Annotations

Branches:
Dungeon (2/15)

Altars:

Annotations:
D:2 Sigmund


Message History

Sigmund laughs darkly.
You shoot an arrow.
The arrow hits Sigmund but does no damage.
Sigmund is lightly wounded.
You shoot an arrow. The arrow closely misses Sigmund.
Sigmund casts a spell at you. You resist with some effort.
You shoot an arrow. The arrow hits Sigmund.
Sigmund is moderately wounded.
Sigmund closely misses you.
You shoot an arrow. The arrow hits Sigmund.
Sigmund is moderately wounded.
Sigmund casts a spell at you.
You are confused.
Sigmund hits you from afar with a +0 scythe.
Sigmund points at you and mumbles some strange words.
You are more confused.
Sigmund hits you from afar with a +0 scythe!
Sigmund hits you from afar with a +0 scythe!
Enter note:
Enter note:
Enter note:
Enter note:
Enter note:
Enter note:
Enter note:
Enter note:
Enter note:
Enter note:
Enter note:
Enter note: Sigmund casts a spell at you.
You are more confused.
Sigmund says, "I'm your fate."
Sigmund hits you from afar with a +0 scythe.
Sigmund barely misses you. Sigmund closely misses you.
Sigmund hits you from afar with a +0 scythe.
Sigmund hits you from afar with a +0 scythe.
You die...

..##..# #.# #.#.#
......####.###.#.#
#.#...#........#.#
..#...#.##.#####.#
......#......# #.#
)##...#....#.# #.#
.##........#.# #.#
.##...#..#.#.# #.#
.##......#.#.# #@#
....#...>#.#.# #.#
##########...# #@#
##### #)# #.# #.#
#.# ..#


You could see Sigmund.

Vanquished Creatures
  2 adders (D:2)
  A worm (D:2)
  2 dart slugs
  A bat (D:1)
  3 endoplasms
  3 giant cockroaches
  8 goblins
  4 hobgoblins
  A quokka (D:2)
  A ball python (D:2)
  3 frilled lizards (D:1)
  5 kobolds
  3 rats
37 creatures vanquished.

Notes
Turn   | Place    | Note
-------+----------+-------------------------------------------
     0 | D:1      | qw the Gargoyle Hunter began the quest for the Orb.
     0 | D:1      | Reached XP level 1. HP: 12/12 MP: 1/1
     0 | D:1      | 0 ||| qw: Version: 0.2-a-29-g511e9b1
     0 | D:1      | 0 ||| qw: Game counter: 5793
     0 | D:1      | 0 ||| qw: Always use a shield: true
     0 | D:1      | 0 ||| qw: God list: Okawaru
     0 | D:1      | 0 ||| qw: Allow faded altars: false
     0 | D:1      | 0 ||| qw: Do Orc after D:15 true
     0 | D:1      | 0 ||| qw: Do second Lair branch before Depths: true
     0 | D:1      | 0 ||| qw: Lair rune preference: random
     0 | D:1      | 0 ||| qw: Plans: Normal, Zot:1-4, Slime:5, God:TSO, Crypt,
                  | Tomb, Abyss, Pan, Hells, Win
     0 | D:1      | 0 ||| PLANNING D:1-11
     6 | D:1      | Noticed a komodo dragon
     6 | D:1      | Noticed a rime drake
     7 | D:1      | Noticed a polar bear
     7 | D:1      | Noticed a lindwurm
   155 | D:1      | Reached XP level 2. HP: 11/17 MP: 2/2
   372 | D:1      | Found a faded altar of an unknown god.
   399 | D:1      | 399 ||| Stepping ~*~*~tactically~*~*~ (outnumbered).
   401 | D:1      | 401 ||| Stepping ~*~*~tactically~*~*~ (outnumbered).
   675 | D:1      | Reached XP level 3. HP: 21/21 MP: 3/3
   744 | D:1      | 744 ||| UPGRADING to +0 ring mail.
   754 | D:1      | 754 ||| DROPPING +0 leather armour.
   755 | D:1      | 755 ||| READING scroll labelled EXUCHU XIORUIC.
   756 | D:1      | 756 ||| DROPPING scroll of butterflies.
   889 | D:2      | Reached skill level 1 in Armour
   989 | D:2      | Reached skill level 5 in Ranged Weapons
  1256 | D:2      | Reached skill level 3 in Fighting
  1256 | D:2      | Reached XP level 4. HP: 27/28 MP: 4/4
  1342 | D:2      | Noticed Sigmund
  1355 | D:2      | HP: 7/28 [Sigmund/+0 scythe (3)]
  1360 | D:2      | HP: 3/28 [Sigmund/+0 scythe (6)]
  1361 | D:2      | Slain by Sigmund

Levels and vault maps discovered:
D:1:      onia_arrival_zoo_common, layout_basic,
          shapermc_ecumenical_altar_starsandcircs
D:2:      layout_basic, minmay_increasing_density, uniq_sigmund

Skill      XL: |  1  2  3 |
---------------+----------+-----
Armour         | 1 |  1.1
Ranged Weapons | 5 |  5.0
Fighting       | 3 |  3.1
Dodging        | |  1.5
Stealth        | |  1.1

Action                     |  1- 3 |  4- 6 || total
---------------------------+-------+-------++-------
   Fire: Shortbow          |   124 |    14 ||   138
    Use: Scroll            |     1 |       ||     1
 Armour: Leather armour    |    13 |       ||    13
         Ring mail         |    20 |     2 ||    22
  Dodge: Dodged            |    31 |     5 ||    36

Table legend:
 A = Non-vault XP
 B = Vault XP
 C = Vault XP percentage of total XP
 D = Non-vault monster count
 E = Vault monster count
 F = Vault count percentage of total count
                 A         B        C        D         E       F
            +---------+---------+-------+---------+---------+-------
      Total |      80 |      13 |  14.0 |      36 |       1 |   2.7
            +---------+---------+-------+---------+---------+-------
        D:1 |      35 |       0 |   0.0 |      20 |       0 |   0.0
        D:2 |      45 |      13 |  22.4 |      16 |       1 |   5.9
            +---------+---------+-------+---------+---------+-------
